 Dungeon Crawl Stone Soup version 0.30-a0-737-gf23d94013f (webtiles) character file.

Game seed: 16155461183453286157

224 Newt the Cutter (level 5, -6/42 HPs)
             Began as a Demonspawn Gladiator on Feb 1, 2023.
             Was an Initiate of Gozag.
             Mangled by Duvessa
             ... wielding a +1 rapier of protection
              (20 damage)
             ... on level 4 of the Dungeon.
             The game lasted 00:03:45 (3213 turns).

Newt the Cutter (Demonspawn Gladiator)              Turns: 3213, Time: 00:03:46

Health: -6/42      AC:  7    Str: 17    XL:     5   Next: 67%
Magic:  5/5        EV: 12    Int:  9    God:    Gozag
Gold:   102        SH:  4    Dex: 14    Spells: 1/4 levels left

rFire   . . .      SeeInvis .    m - +2 dagger (speed)
rCold   . . .      Faith    .    (no shield)
rNeg    . . .      Spirit   .    b - +0 leather armour
rPois   .          Reflect  .    c - +0 helmet
rElec   .          Harm     .    t - +0 cloak
rCorr   .          Rampage  .    h - +1 pair of gloves
Will    .....                    (no boots)
Stlth   ++                       (no amulet)
HPRegen 0.27/turn                u - ring of wizardry
MPRegen 0.09/turn                (no ring)

@: no status effects
A: hooves 1, large bone plates 1, ignite blood 1
a: Renounce Religion, Potion Petition, Call Merchant, Bribe Branch


You were on level 4 of the Dungeon.
You worshipped Gozag.
Gozag was aware of your devotion.
You visited 1 branch of the dungeon, and saw 4 of its levels.

You collected 159 gold pieces.
You spent 33 gold pieces at shops.
You paid 24 gold pieces to Gozag.

Inventory:

Hand Weapons
 a - a +0 rapier
 m - a +2 dagger of speed (weapon)
 s - a +4 quarterstaff of chaos
Missiles
 e - a javelin (quivered)
 z - 4 poisoned darts
Armour
 b - a +0 leather armour (worn)
 c - a +0 helmet (worn)
 h - a +1 pair of gloves (worn)
 t - a +0 cloak (worn)
Jewellery
 u - a ring of wizardry (left hand)
Scrolls
 g - 2 scrolls of fog
 l - a scroll of teleportation
 o - a scroll of enchant armour
Potions
 f - 2 potions of degeneration
 j - 2 potions of heal wounds
 k - 2 potions of lignification
 n - a potion of attraction {unknown}
 p - 2 potions of brilliance {unknown}
 q - 2 potions of ambrosia {unknown}
 r - 2 potions of curing
 v - a potion of mutation {unknown}


   Skills:
 - Level 4.0 Fighting
 + Level 4.4 Short Blades
 - Level 1.7 Throwing
 - Level 2.6 Dodging
 - Level 2.0 Stealth


You had one spell level left.
You knew the following spells:

 Your Spells              Type           Power      Damage    Failure   Level
a - Tukima's Dance        Hex            0%         N/A       50%         3

Your spell library contained the following spells:

 Spells                   Type           Power      Damage    Failure   Level
 Sting                    Tmut/Pois      0%         1d3       21%         1
 Poisonous Vapours        Pois/Air       0%         N/A       28%         2
 Portal Projectile        Hex/Tloc       0%         N/A       50%         3
 Olgreb's Toxic Radiance  Pois           0%         N/A       86%         4
 Blade Hands              Tmut           0%         N/A       99%         5


Dungeon Overview and Level Annotations

Branches:
Dungeon (4/15)
 Temple: D:4-7

Altars:
Gozag
Qazlal
Sif Muna

Shops:
D:2 !

Annotations:
D:4 1 transporter, Duvessa


Innate Abilities, Weirdness & Mutations

You have large cloven feet.
You are partially covered in large bone plates. (SH +4)
Your demonic aura sometimes causes spilled blood to erupt in flames.


Message History

Duvessa is engulfed in blazing flames.
Duvessa struggles against the net.
The net rips apart, and Duvessa comes free!
You hit Duvessa.
Duvessa is heavily wounded.
You hit Duvessa but do no damage.
Duvessa is heavily wounded.
Duvessa is engulfed in blazing flames.
You block Duvessa's attack.
You hit Duvessa but do no damage. Your kick misses Duvessa.
Duvessa is severely wounded.
Duvessa hits you with a +1 rapier of protection!
* * * LOW HITPOINT WARNING * * *
Throw: 5 darts (poison)
Press: ? - help, Shift-Dir - straight line, f/p - Duvessa
Aim: Duvessa, wielding a +1 rapier of protection and wearing a +1 ring mail of poison resistance (flame, severely wounded, berserk, blind, 68% to hit)
You throw a poisoned dart. The poisoned dart hits Duvessa.
Duvessa is poisoned.
Duvessa is severely wounded.
Duvessa is engulfed in blazing flames.
Duvessa hits you with a +1 rapier of protection.
* * * LOW HITPOINT WARNING * * *
You feel much better.
Duvessa is no longer blind.
You block Duvessa's attack.
Duvessa is engulfed in blazing flames.
Duvessa hits you with a +1 rapier of protection!
Unknown command.
You hit Duvessa but do no damage. You kick Duvessa.
Duvessa is almost dead.
You don't have any such object.
Fire/throw/use which item? ([*] to toss any item) (? for menu, Esc to quit)
Okay, then.
That's the wrong kind of item! (Use * to select it.) Fire/throw/use which item? ([*] to toss any item) (? for menu, Esc to quit)
Okay, then.
Aiming: Bolt of Light
Press: ? - help, Shift-Dir - straight line, f/p - Duvessa
Aim: Duvessa, wielding a +1 rapier of protection and wearing a +1 ring mail of poison resistance (almost dead, berserk, poisoned, 79% to hit)
The bolt of light hits Duvessa.
Duvessa is almost dead.
Duvessa is blinded.
The now-empty wand crumbles to dust.
Duvessa hits you with a +1 rapier of protection!!
You die...
Your body crumbles into a pile of gold.

#######...........#....#.#..#
#.....#..o......).#....#.#..#
#.....#...........#...##.#..#
#.....#...........#...##.#..#
#.....#...........#...'..#..####
#.....####'########...##.#......
######........#..#######.#......
#.)......#.......#..##'####
#........#@......#.........
#.........e......+.........
#.........######.#...######
#.........# #.##+##.○...
#.........+ #)#...#.....
#........(+ #.)...#..#.#
#.........# #.#..©#○.©!.
#.........######.#...#..#.#
#................#...#.....


You could see Duvessa (berserk, blind, poisoned).

Vanquished Creatures
  Dowan (D:4)
  An orc priest (D:4)
  Crazy Yiuf (D:3)
  Terence (D:2)
  3 adders
  A worm (D:2)
  2 dart slugs (D:1)
  2 orcs (D:4)
  10 endoplasms
  6 goblins
  4 hobgoblins
  4 jackals (D:1)
  2 kobolds
  2 quokkas
  7 ball pythons
  3 bats (D:3)
  A frilled lizard (D:1)
  8 rats
59 creatures vanquished.

Notes
Turn   | Place    | Note
-------+----------+-------------------------------------------
     0 | D:1      | Newt the Demonspawn Gladiator began the quest for the Orb.
     0 | D:1      | Reached XP level 1. HP: 16/16 MP: 1/1
   136 | D:1      | Reached skill level 1 in Stealth
   189 | D:1      | Gained mutation: You are partially covered in large bone
                  | plates. (SH +4) [demonic ancestry]
   189 | D:1      | Reached XP level 2. HP: 20/22 MP: 2/2
   552 | D:1      | Reached XP level 3. HP: 23/28 MP: 3/3
  1003 | D:2      | Found Jyzuc's Distillery.
  1043 | D:2      | Noticed Terence
  1056 | D:2      | Killed Terence
  1057 | D:2      | Gained mutation: Your demonic aura sometimes causes spilled
                  | blood to erupt in flames. [demonic ancestry]
  1057 | D:2      | Reached XP level 4. HP: 37/37 MP: 4/4
  1140 | D:2      | Found a faded altar of an unknown god.
  1591 | D:2      | Bought a potion of curing for 33 gold pieces
  1934 | D:3      | Found a runed translucent door.
  1935 | D:3      | Noticed Crazy Yiuf
  1942 | D:3      | Killed Crazy Yiuf
  2062 | D:3      | Found an opulent altar of Gozag.
  2080 | D:3      | Became a worshipper of Gozag Ym Sagoz the Greedy
  2158 | D:3      | Found a stormy altar of Qazlal.
  2845 | D:4      | Learned a level 3 spell: Tukima's Dance
  2873 | D:4      | Found a transporter.
  2898 | D:4      | Found a shimmering blue altar of Sif Muna.
  2961 | D:4      | Noticed Dowan
  2983 | D:4      | Gained mutation: You have large cloven feet. [demonic
                  | ancestry]
  2983 | D:4      | Reached XP level 5. HP: 29/42 MP: 5/5
  3018 | D:4      | Killed Dowan
  3185 | D:4      | Noticed Duvessa
  3213 | D:4      | Mangled by Duvessa

Illustrated notes

Levels and vault maps discovered:
D:1:      minmay_arrival_radiant_lines, layout_basic
D:2:      wander_river, layout_loops_ring, serial_shops,
          nicolae_shop_statue_plus, shapermc_ecumenical_altar_venn, uniq_terence
D:3:      layout_loops_corners, mainiacjoe_overflow_cross_hatched,
          grunt_qazlal_clouds, st_stairs_2, uniq_crazy_yiuf_cottage
D:4:      gammafunk_cloud_chamber, layout_gridville, lemuel_doored_altar,
          general_overflow_altar, mainiacjoe_overflow_concentric_impassable,
          minmay_temple_entry_statues, kennysheep_small_spiral, uniq_duvessa,
          uniq_natasha

Skill      XL: |  1  2  3  4  5 |
---------------+----------------+-----
Stealth        | 1 2 |  2.0
Fighting       | 3 4 |  4.0
Short Blades   | 3 4 |  4.4
Throwing       | |  1.7
Dodging        | |  2.6

Action                     |  1- 3 |  4- 6 || total
---------------------------+-------+-------++-------
  Melee: Rapier            |    84 |       ||    84
         Punch             |     2 |     2 ||     4
         Dagger            |    16 |   133 ||   149
         Kick              |       |    10 ||    10
  Throw: Throwing net      |       |     4 ||     4
         Dart              |       |     4 ||     4
  Evoke: Wand              |     1 |     2 ||     3
    Use: Scroll            |     6 |     6 ||    12
         Potion            |       |     1 ||     1
   Stab: Sleeping          |     3 |     4 ||     7
         Invisible         |     1 |     1 ||     2
         Held in net/web   |       |     1 ||     1
 Armour: Leather armour    |    39 |    20 ||    59
  Dodge: Dodged            |    70 |    36 ||   106
  Block: Other             |    16 |    14 ||    30

Table legend: (Time is in decaauts)
 A = Elapsed time spent in this place.
 B = Non-inter-level travel time spent in this place.
 C = Inter-level travel time spent in this place.
 D = Time resting spent in this place.
 E = Time spent auto-exploring this place.
 F = Levels seen in this place.
 G = Mean time per level.
                   A        B        C        D        E       F      G
               +--------+--------+--------+--------+--------+-----+--------+
         Total |   3164 |   2981 |    183 |    330 |   2166 |   4 |  791.0 |
       Dungeon |   3164 |   2981 |    183 |    330 |   2166 |   4 |  791.0 |
               +--------+--------+--------+--------+--------+-----+--------+

Top non-repeatable levels by time:
     D:3: 1021 daAuts
     D:1: 965 daAuts
     D:2: 651 daAuts
     D:4: 525 daAuts
